[Event "Fagernes GM Open Autumn 2024"]
[Site "Fagernes"]
[Date "2024.10.12"]
[Round "8.14"]
[White "Namitbir Singh Walia"]
[Black "Sherman, Raem"]
[Result "1-0"]
[ECO "C11"]
[WhiteElo "2351"]
[BlackElo "2390"]
[Annotator "TA"]
[PlyCount "93"]
[EventDate "2024.10.03"]
[EventType "swiss"]
[EventCountry "NOR"]
[SourceTitle "playchess.com"]
[Source "ChessBase"]
[SourceQuality "1"]
[TimeControl "40/6000:2400+30"]

1. e4 e6 2. d4 d5 3. Nc3 Nf6 4. e5 Nfd7 5. f4 c5 6. Nf3 Nc6 7. Be3 a6 8. a3 cxd4 9. Nxd4 Bc5 10. Qd2 g5 11. Nf3 (11. fxg5 Bxd4 12. Bxd4 Nxd4 13. Qxd4 Qxg5 $17) 11... d4 {[%emt 0:00:00] White is slightly better.} 12. Bxd4 Nxd4 13. Nxd4 gxf4 14. Qxf4 {[%emt 0:00:00] 0-0-0 would now be deadly.} Bxd4 (14... Nxe5 $1 $11 15. Ndb5 f6) 15. Qxd4 $16 Qg5 16. Be2 $1 Qxe5 17. Qf2 Qf6 18. Qe3 Qe5 19. Qf2 Qf6 20. Qe3 Qe5 21. Qf3 $36 {[%emt 0:00:00][%mdl 2048] Black is under strong pressure.} Qg7 22. O-O-O {[%emt 0:02:41] Ne4 is the strong threat.} Ne5 23. Qf4 {[%emt 0:07:37] And now Ne4 would win.} O-O 24. Ne4 {[%emt 0:02:27] Hoping for Nf6+.} f5 25. Nd6 Bd7 26. Rhe1 Kh8 27. Qd4 Bc6 28. g3 (28. Bh5 $18 Ng4 29. Qxg7+ (29. Rxe6 Qxd4 30. Rxd4 Bxg2 $18) 29... Kxg7 30. Rxe6 Nxh2 31. Re7+ Kf6 32. Rxh7) 28... Ng6 29. Qe3 e5 30. Bc4 Qf6 31. Qh6 (31. Qc5 $16) 31... b5 32. Bb3 a5 ({Black should play} 32... f4 $14) 33. h4 {[%emt 0:01:14][%cal Bh2h4,Bh4h5][%mdl 32] Strongly threatening h5. White has more active pieces.} e4 (33... a4 $16) 34. Rf1 $18 Ne7 35. Qh5 (35. Qd2 $16) 35... Qg6 (35... Be8 $1 $14 36. Qg5 Qxg5+ 37. hxg5 Bh5) 36. Qe2 $1 $16 Rab8 {[%emt 0:01:30] A mistake that costs the game.} (36... a4 $16 37. Ba2 Qxg3) 37. h5 Qf6 38. g4 a4 {[%emt 0:02:34] [#]} 39. Nf7+ $1 Rxf7 40. Bxf7 Qxf7 {[%emt 0:00:01] [#]} 41. gxf5 {[%emt 0:40:11] Threatens to win with Qh2.} Nxf5 $2 (41... Re8 {was necessary.}) 42. Qh2 Re8 {[%emt 0:00:00] Prevents Qe5+. aiming for ...e3.} 43. Qf4 Bd7 $2 {[%emt 0:00:00] [#]} (43... Qxh5 {was worth a try.} 44. Qxf5 Qxf5 45. Rxf5 e3) 44. Qc7 $1 $18 {[%emt 0:00:00] White is clearly winning.} (44. Rxd7 Qxd7 45. Qxf5 Qxf5 46. Rxf5 e3 $16) 44... Re7 {[%emt 0:00:00] [#]} (44... Be6 $142 45. Qxf7 Bxf7) 45. Rxd7 $1 Rxd7 46. Qe5+ Kg8 47. Rxf5 {[%emt 0:00:00] Weighted Error Value: White=0.27 (precise) /Black=0.39.  Mistake:       	White=3     	Black=8      Inaccurate:     	---       	Black=2      OK:         	White=9     	Black=9      Best:        	---       	Black=5      Strong:       	White=2     	---        Brilliant:      	White=2     	---} ({Not} 47. Qxf5 Qxf5 48. Rxf5 Kg7 $16) 1-0

[Event "Fagernes GM Open Autumn 2024"]
[Site "Fagernes"]
[Date "2024.10.12"]
[Round "8.15"]
[White "Kanyamarala, Trisha"]
[Black "Sidhant, Mohapatra"]
[Result "1/2-1/2"]
[ECO "E14"]
[WhiteElo "2160"]
[BlackElo "2369"]
[Annotator "RC"]
[PlyCount "38"]
[EventDate "2024.10.03"]
[EventType "swiss"]
[EventCountry "NOR"]
[SourceTitle "playchess.com"]
[Source "ChessBase"]
[SourceQuality "1"]
[TimeControl "40/6000:2400+30"]

1. d4 d5 2. c4 e6 3. Nf3 Nf6 4. Nc3 c6 5. e3 Nbd7 6. Be2 Bd6 7. O-O O-O 8. b3 b6 9. Bb2 Bb7 10. Bd3 c5 11. cxd5 exd5 12. Re1 Re8 13. Rc1 a6 14. Ne2 Rc8 15. Ng3 g6 16. Qe2 Ne4 17. Red1 Qe7 18. dxc5 Ndxc5 19. Ba1 Nxd3 1/2-1/2

[Event "Fagernes GM Open Autumn 2024"]
[Site "Fagernes"]
[Date "2024.10.12"]
[Round "8.16"]
[White "Myagmarsuren, Evsuld"]
[Black "Krivenko, Dion"]
[Result "0-1"]
[ECO "A38"]
[WhiteElo "2171"]
[BlackElo "2244"]
[Annotator "RC"]
[PlyCount "116"]
[EventDate "2024.10.03"]
[EventType "swiss"]
[EventCountry "NOR"]
[SourceTitle "playchess.com"]
[Source "ChessBase"]
[SourceQuality "1"]
[TimeControl "40/6000:2400+30"]

1. Nf3 c5 2. c4 g6 3. g3 Bg7 4. Bg2 Nc6 5. e3 Nf6 6. O-O O-O 7. Nc3 e5 8. d4 d6 9. h3 Bf5 10. d5 Ne7 11. Re1 a6 12. a3 Qc8 13. Kh2 Rb8 14. Bf1 e4 15. Nd2 h5 16. a4 Qd7 17. Bg2 b5 18. axb5 axb5 19. Ndxe4 Nxe4 20. Nxe4 Bxe4 21. Bxe4 bxc4 22. Qc2 Rb4 23. Rb1 Rfb8 24. Bd2 Rxb2 25. Qxc4 h4 26. g4 Nc8 27. Kg2 Qe8 28. Kf3 Qe5 29. Qd3 Ne7 30. Rxb2 Rxb2 31. Rb1 f5 32. gxf5 gxf5 33. Bxf5 Qxf5+ 34. Qxf5 Nxf5 35. Rxb2 Bxb2 36. Ke4 Ne7 37. Ba5 Kf7 38. Bc7 Nc8 39. Kd3 Ke7 40. f4 Kd7 41. Ba5 Ne7 42. Be1 Nxd5 43. Bxh4 Kc6 44. Bg5 Nb4+ 45. Kc4 d5+ 46. Kb3 Bh8 47. Be7 Nd3 48. h4 c4+ 49. Kc2 Kd7 50. Bf8 Ne1+ 51. Kd1 Ng2 52. Ke2 Nxh4 53. e4 d4 54. e5 Ke6 55. Kd2 Ng6 56. Bc5 Kd5 57. f5 Kxc5 58. fxg6 Bxe5 0-1

[Event "Fagernes GM Open Autumn 2024"]
[Site "Fagernes"]
[Date "2024.10.12"]
[Round "8.17"]
[White "Nagare Akhilesh"]
[Black "Advaitt Srikant Koduri"]
[Result "1/2-1/2"]
[ECO "D90"]
[WhiteElo "2245"]
[BlackElo "2162"]
[Annotator "RC"]
[PlyCount "84"]
[EventDate "2024.10.03"]
[EventType "swiss"]
[EventCountry "NOR"]
[SourceTitle "playchess.com"]
[Source "ChessBase"]
[SourceQuality "1"]
[TimeControl "40/6000:2400+30"]

1. d4 d5 2. c4 c6 3. Nf3 Nf6 4. Nc3 g6 5. cxd5 cxd5 6. Bf4 Nc6 7. e3 Bg7 8. h3 O-O 9. Bd3 a6 10. O-O b5 11. Rc1 Bb7 12. Ne5 Rc8 13. Nxc6 Bxc6 14. a4 bxa4 15. Nxa4 Bb5 16. Nc5 Nd7 17. b4 Qb6 18. Qe2 Nf6 19. Bxb5 axb5 20. Be5 Rfd8 21. Bxf6 Bxf6 22. Ra1 Ra8 23. Ra5 Rxa5 24. bxa5 Qc6 25. Rc1 b4 26. f4 e6 27. Rb1 Ra8 28. a6 Be7 29. Rxb4 Bxc5 30. dxc5 Qxc5 31. Ra4 h5 32. Qd3 h4 33. Qd4 Qc1+ 34. Kh2 Qe1 35. Qa1 Qxe3 36. f5 Qg3+ 37. Kh1 exf5 38. a7 Qf2 39. Qf6 Qe1+ 40. Kh2 Qg3+ 41. Kh1 Qe1+ 42. Kh2 Qg3+ 1/2-1/2

[Event "Fagernes GM Open Autumn 2024"]
[Site "Fagernes"]
[Date "2024.10.12"]
[Round "8.18"]
[White "Skotheim, Andreas"]
[Black "Harish, Neeraj"]
[Result "1/2-1/2"]
[ECO "D95"]
[WhiteElo "2234"]
[BlackElo "2024"]
[Annotator "RC"]
[PlyCount "119"]
[EventDate "2024.10.03"]
[EventType "swiss"]
[EventCountry "NOR"]
[SourceTitle "playchess.com"]
[Source "ChessBase"]
[SourceQuality "1"]
[TimeControl "40/6000:2400+30"]

1. d4 Nf6 2. c4 g6 3. Nc3 d5 4. Nf3 Bg7 5. e3 O-O 6. Qb3 c6 7. h3 Ne4 8. a4 Nxc3 9. bxc3 e6 10. Be2 Nd7 11. O-O Qc7 12. Ba3 Re8 13. Rfc1 dxc4 14. Bxc4 Rb8 15. a5 b5 16. axb6 axb6 17. Ng5 Nf6 18. Rcb1 h6 19. Nf3 Nd7 20. Bd3 Bb7 21. Nd2 c5 22. Bb5 Bc6 23. Bxc6 Qxc6 24. Qb5 Qxb5 25. Rxb5 Ra8 26. Rbb1 cxd4 27. cxd4 e5 28. Nf3 exd4 29. Nxd4 Ra4 30. Bd6 Rea8 31. Rxa4 Rxa4 32. Nb5 Be5 33. Bxe5 Nxe5 34. Nc3 Rc4 35. Nd5 Nd7 36. Nxb6 Nxb6 37. Rxb6 Rc2 38. e4 Re2 39. f3 h5 40. Kf1 Ra2 41. e5 Ra5 42. f4 Ra4 43. Rf6 Kg7 44. Kf2 Ra2+ 45. Kg3 h4+ 46. Kf3 Ra3+ 47. Kf2 Ra2+ 48. Kf1 Ra1+ 49. Ke2 Ra2+ 50. Kf3 Ra3+ 51. Kf2 Ra2+ 52. Kg1 Ra1+ 53. Kh2 Rf1 54. g4 Rf2+ 55. Kg1 Ra2 56. Rd6 Ra1+ 57. Kg2 Ra2+ 58. Kg1 Ra1+ 59. Kf2 Ra2+ 60. Kg1 1/2-1/2

[Event "Fagernes GM Open Autumn 2024"]
[Site "Fagernes"]
[Date "2024.10.12"]
[Round "8.19"]
[White "Westrum, Kim Roger Hansen"]
[Black "Welling, Gerard"]
[Result "1/2-1/2"]
[ECO "C00"]
[WhiteElo "2205"]
[BlackElo "2206"]
[Annotator "RC"]
[PlyCount "91"]
[EventDate "2024.10.03"]
[EventType "swiss"]
[EventCountry "NOR"]
[SourceTitle "playchess.com"]
[Source "ChessBase"]
[SourceQuality "1"]
[TimeControl "40/6000:2400+30"]

1. e4 e6 2. d3 d5 3. Qe2 Nf6 4. Nf3 c5 5. e5 Nfd7 6. g3 Be7 7. Bg2 Nc6 8. O-O O-O 9. c4 dxc4 10. dxc4 Nd4 11. Nxd4 cxd4 12. Nd2 Nc5 13. Nf3 a5 14. Rd1 d3 15. Qe3 Qc7 16. Qf4 Bd7 17. Be3 Rad8 18. Bxc5 Qxc5 19. Rxd3 Bc6 20. Rad1 Bxf3 21. Bxf3 Rxd3 22. Rxd3 b6 23. Bb7 Qc7 24. Bf3 Bc5 25. Be4 Be7 26. b3 Rd8 27. Rf3 Bc5 28. Bc2 Rd4 29. Qg5 h6 30. Qh5 Rd2 31. Be4 Qd7 32. g4 Rd4 33. Rf4 Rd2 34. a4 Rxf2 35. Rxf2 Bxf2+ 36. Kxf2 Qd2+ 37. Kg3 Qe1+ 38. Kf3 Qf1+ 39. Kg3 Qe1+ 40. Kf3 Qf1+ 41. Ke3 Qe1+ 42. Kd4 Qa1+ 43. Kd3 Qb1+ 44. Ke3 Qe1+ 45. Kd4 Qa1+ 46. Ke3 1/2-1/2

[Event "Fagernes GM Open Autumn 2024"]
[Site "Fagernes"]
[Date "2024.10.12"]
[Round "8.20"]
[White "Southcott-Moyers, Indy"]
[Black "Krishnan, Ritvik"]
[Result "1/2-1/2"]
[ECO "D38"]
[WhiteElo "2143"]
[BlackElo "2206"]
[Annotator "RC"]
[PlyCount "115"]
[EventDate "2024.10.03"]
[EventType "swiss"]
[EventCountry "NOR"]
[SourceTitle "playchess.com"]
[Source "ChessBase"]
[SourceQuality "1"]
[TimeControl "40/6000:2400+30"]

1. d4 Nf6 2. c4 e6 3. Nf3 d5 4. Nc3 Bb4 5. cxd5 exd5 6. Bg5 h6 7. Bh4 O-O 8. e3 Bf5 9. Be2 Nbd7 10. Qb3 Qe7 11. a3 Bxc3+ 12. Qxc3 Qe6 13. O-O Ne4 14. Qxc7 Rfc8 15. Qxb7 Rcb8 16. Qc7 Rxb2 17. Rfe1 g5 18. Bg3 Nxg3 19. hxg3 Nf6 20. Qe5 Rc8 21. Qxe6 fxe6 22. Ne5 Rcc2 23. Kf1 Ne4 24. Rac1 Nd2+ 25. Kg1 Ra2 26. Rxc2 Rxc2 27. g4 Bh7 28. Bb5 Kf8 29. Nc6 Rc3 30. Nxa7 Rxa3 31. Nc6 Rb3 32. Bf1 Rc3 33. Ne5 Nb3 34. Bb5 Ke7 35. Rd1 Bc2 36. Re1 Kf6 37. Kh2 Bh7 38. Ba4 Nc1 39. Rd1 Nd3 40. Nxd3 Bxd3 41. Ra1 Rc8 42. Bd1 Rc6 43. Bf3 Rb6 44. Ra3 Bg6 45. Kg3 Bh7 46. Be2 Rb2 47. Bd1 Bc2 48. Bf3 Bb3 49. Ra6 Rd2 50. Ra7 Bc4 51. Rh7 Kg6 52. Re7 Kf6 53. Ra7 Bb3 54. Ra1 Kf7 55. Rb1 Ba2 56. Re1 Bc4 57. Rd1 Rb2 58. Ra1 1/2-1/2

[Event "Fagernes GM Open Autumn 2024"]
[Site "Fagernes"]
[Date "2024.10.12"]
[Round "8.21"]
[White "Gudbrandsen, Gustav"]
[Black "Aamodt, Peder Marcus"]
[Result "1-0"]
[ECO "B52"]
[WhiteElo "2197"]
[BlackElo "2126"]
[Annotator "RC"]
[PlyCount "111"]
[EventDate "2024.10.03"]
[EventType "swiss"]
[EventCountry "NOR"]
[SourceTitle "playchess.com"]
[Source "ChessBase"]
[SourceQuality "1"]
[TimeControl "40/6000:2400+30"]

1. e4 c5 2. Nf3 d6 3. Bb5+ Bd7 4. Bxd7+ Nxd7 5. O-O Ngf6 6. Re1 e6 7. c4 Ne5 8. d3 Be7 9. Nc3 O-O 10. Bf4 Nfd7 11. Qe2 a6 12. Bg3 Bf6 13. Nd2 Qe7 14. f4 Nc6 15. Nf3 Bd4+ 16. Kh1 f6 17. Qd2 Rab8 18. a4 Qf7 19. Ne2 e5 20. Nexd4 cxd4 21. b4 a5 22. b5 Nb4 23. Rf1 Qh5 24. f5 Nc5 25. Ra3 Rbc8 26. Ne1 g6 27. Rf3 Qg5 28. Qd1 Kf7 29. Bf2 Qh5 30. Qb1 g5 31. Nc2 g4 32. Rg3 Qg5 33. Nxb4 axb4 34. Qxb4 Qc1+ 35. Bg1 h5 36. Ra2 Rg8 37. h4 gxh3 38. Rxh3 Rg5 39. a5 Qd1 40. a6 b6 41. Qd2 Qb1 42. Qe2 Kg7 43. Kh2 Rg8 44. Bf2 Kf7 45. Rg3 Rg4 46. a7 Ra8 47. Rxg4 hxg4 48. Qxg4 Rh8+ 49. Bh4 Qxa2 50. Qg6+ Kf8 51. Qxf6+ Kg8 52. Qd8+ Kh7 53. Qe7+ Kg8 54. Qe8+ Kg7 55. f6+ Kh7 56. Qf7+ 1-0

[Event "Fagernes GM Open Autumn 2024"]
[Site "Fagernes"]
[Date "2024.10.12"]
[Round "8.22"]
[White "Kaewpitakkun, Pantham"]
[Black "Soham Datar"]
[Result "1/2-1/2"]
[ECO "B81"]
[WhiteElo "2023"]
[BlackElo "2188"]
[Annotator "RC"]
[PlyCount "65"]
[EventDate "2024.10.03"]
[EventType "swiss"]
[EventCountry "NOR"]
[SourceTitle "playchess.com"]
[Source "ChessBase"]
[SourceQuality "1"]
[TimeControl "40/6000:2400+30"]

1. e4 c5 2. Nf3 e6 3. d4 cxd4 4. Nxd4 Nf6 5. Nc3 d6 6. g4 h6 7. h4 Nc6 8. Rg1 h5 9. g5 Ng4 10. Nxc6 bxc6 11. Be2 g6 12. Qd4 Qb6 13. Qxb6 axb6 14. Bf4 Ne5 15. O-O-O Be7 16. a4 Ba6 17. Bxa6 Rxa6 18. b3 O-O 19. Rg3 Ra7 20. Ne2 f6 21. Nd4 fxg5 22. Bxe5 dxe5 23. Nxc6 Ba3+ 24. Kb1 Rc7 25. Nxe5 g4 26. f3 gxf3 27. Rxf3 Rxf3 28. Nxf3 Kg7 29. Nd4 Re7 30. Nc6 Rc7 31. Nd4 Re7 32. Nc6 Rc7 33. Nd4 1/2-1/2

[Event "Fagernes GM Open Autumn 2024"]
[Site "Fagernes"]
[Date "2024.10.12"]
[Round "8.23"]
[White "Gaikwad, Siddhant"]
[Black "Sian, Shadi"]
[Result "1-0"]
[ECO "C42"]
[WhiteElo "2039"]
[BlackElo "2182"]
[Annotator "RC"]
[PlyCount "77"]
[EventDate "2024.10.03"]
[EventType "swiss"]
[EventCountry "NOR"]
[SourceTitle "playchess.com"]
[Source "ChessBase"]
[SourceQuality "1"]
[TimeControl "40/6000:2400+30"]

1. e4 e5 2. Nf3 Nf6 3. Nxe5 d6 4. Nf3 Nxe4 5. Nc3 Nxc3 6. dxc3 Be7 7. Be3 O-O 8. Qd2 Nd7 9. g4 Nf6 10. g5 Ng4 11. O-O-O Nxe3 12. Qxe3 Re8 13. Qf4 Qd7 14. Rg1 Qf5 15. Qg3 Qa5 16. Bc4 Be6 17. Bxe6 fxe6 18. Kb1 Qf5 19. Nh4 Qb5 20. Qg4 Bf8 21. f4 g6 22. Rge1 Bg7 23. Rd3 Qc4 24. Rde3 e5 25. b3 Qe6 26. f5 gxf5 27. Nxf5 d5 28. Rh3 e4 29. Rg1 Qg6 30. Nh4 Qe6 31. g6 hxg6 32. Qg2 e3 33. Nxg6 e2 34. Re1 Qe4 35. Qg5 d4 36. Rh4 Qe3 37. Qh5 Re4 38. Qh7+ Kf7 39. Rxe4 1-0

[Event "Fagernes GM Open Autumn 2024"]
[Site "Fagernes"]
[Date "2024.10.12"]
[Round "8.24"]
[White "Gasland, Lukas Dominik"]
[Black "Vijayakumar, Rishi"]
[Result "1/2-1/2"]
[ECO "A30"]
[WhiteElo "1905"]
[BlackElo "2172"]
[Annotator "RC"]
[PlyCount "55"]
[EventDate "2024.10.03"]
[EventType "swiss"]
[EventCountry "NOR"]
[SourceTitle "playchess.com"]
[Source "ChessBase"]
[SourceQuality "1"]
[TimeControl "40/6000:2400+30"]

1. Nf3 Nf6 2. g3 c5 3. Bg2 Nc6 4. O-O e5 5. c4 d5 6. cxd5 Nxd5 7. Nc3 Be6 8. Qa4 f6 9. d3 Qd7 10. Be3 Be7 11. Rac1 b6 12. Nh4 O-O 13. Nxd5 Bxd5 14. Nf5 Bxg2 15. Qg4 Kf7 16. Qh5+ Kg8 17. Qg4 Kf7 18. Qh5+ g6 19. Qxh7+ Ke6 20. Ng7+ Kf7 21. Nf5+ Ke6 22. Ng7+ Kd6 23. Kxg2 Rh8 24. Qxg6 Qh3+ 25. Kf3 Kc7 26. Qf5 e4+ 27. Kxe4 Qg2+ 28. Qf3 1/2-1/2

[Event "Fagernes GM Open Autumn 2024"]
[Site "Fagernes"]
[Date "2024.10.12"]
[Round "8.25"]
[White "Mannion, Stephen R"]
[Black "Simonsen, David Mindestrommen"]
[Result "1/2-1/2"]
[ECO "B93"]
[WhiteElo "2142"]
[BlackElo "1930"]
[Annotator "RC"]
[PlyCount "84"]
[EventDate "2024.10.03"]
[EventType "swiss"]
[EventCountry "NOR"]
[SourceTitle "playchess.com"]
[Source "ChessBase"]
[SourceQuality "1"]
[TimeControl "40/6000:2400+30"]

1. e4 c5 2. Nf3 d6 3. d4 cxd4 4. Nxd4 Nf6 5. Nc3 a6 6. f4 e5 7. Nf3 Nbd7 8. a4 Qc7 9. Bd3 Be7 10. O-O O-O 11. Kh1 Nc5 12. Qe1 Re8 13. fxe5 dxe5 14. Qg3 Be6 15. Ng5 Nxd3 16. Nxe6 fxe6 17. cxd3 Rf8 18. Be3 Nd7 19. Qg4 Qd6 20. Bh6 Rxf1+ 21. Rxf1 Bf8 22. h4 Kh8 23. Bg5 Be7 24. Rf7 Nf6 25. Qg3 Rf8 26. Rxf8+ Bxf8 27. Qf3 Be7 28. g4 Nd7 29. Bxe7 Qxe7 30. g5 Kg8 31. Kg2 Qb4 32. Qe2 Nc5 33. Qc2 Qd4 34. Ne2 Qxd3 35. Qxc5 Qxe2+ 36. Kg3 Qe1+ 37. Kh3 Qf1+ 38. Kg3 Qf4+ 39. Kh3 Qf3+ 40. Kh2 Qf4+ 41. Kh3 Qf3+ 42. Kh2 Qf4+ 1/2-1/2

[Event "Fagernes GM Open Autumn 2024"]
[Site "Fagernes"]
[Date "2024.10.12"]
[Round "8.26"]
[White "Kittilsen, Sigurd"]
[Black "Lien, Sebastian"]
[Result "1-0"]
[ECO "B15"]
[WhiteElo "1981"]
[BlackElo "1911"]
[Annotator "RC"]
[PlyCount "108"]
[EventDate "2024.10.03"]
[EventType "swiss"]
[EventCountry "NOR"]
[SourceTitle "playchess.com"]
[Source "ChessBase"]
[SourceQuality "1"]
[TimeControl "40/6000:2400+30"]

1. e4 c6 2. d4 d5 3. Nd2 dxe4 4. Nxe4 Nf6 5. Nxf6+ exf6 6. c3 Bd6 7. Bd3 O-O 8. Qc2 Re8+ 9. Ne2 h5 10. Be3 Nd7 11. O-O-O Nf8 12. c4 Be6 13. a3 Rc8 14. Nc3 Ng6 15. g3 Ne7 16. Ne4 b5 17. c5 Bc7 18. Qe2 Bg4 19. f3 Bf5 20. Qf2 Nd5 21. Rhe1 Qd7 22. Bd2 a5 23. g4 hxg4 24. fxg4 Bg6 25. h4 b4 26. a4 b3 27. h5 Bxe4 28. Bxe4 Qxg4 29. Bf5 Qg3 30. Qxg3 Bxg3 31. Rg1 Bf4 32. Bxc8 Rxc8 33. Bxf4 Nxf4 34. Rh1 Rb8 35. Rh4 Nd5 36. Rg1 Ne7 37. Rhg4 g6 38. Re4 Rb7 39. Rge1 Nf5 40. hxg6 fxg6 41. Re6 Kf7 42. Rxc6 Nxd4 43. Rd6 Nf5 44. Rb6 Rc7 45. Kd2 Rxc5 46. Rb7+ Kf8 47. Re6 Rd5+ 48. Kc3 Rc5+ 49. Kd3 Rd5+ 50. Kc4 Rd6 51. Rb8+ Kf7 52. Rxd6 Nxd6+ 53. Kd5 Nf5 54. Rb7+ Ne7+ 1-0

[Event "Fagernes GM Open Autumn 2024"]
[Site "Fagernes"]
[Date "2024.10.12"]
[Round "8.27"]
[White "Stromhaug, Kristoffer Wang"]
[Black "Sieber, Fiona"]
[Result "1/2-1/2"]
[ECO "B69"]
[WhiteElo "1960"]
[BlackElo "2264"]
[Annotator "RC"]
[PlyCount "94"]
[EventDate "2024.10.03"]
[EventType "swiss"]
[EventCountry "NOR"]
[SourceTitle "playchess.com"]
[Source "ChessBase"]
[SourceQuality "1"]
[TimeControl "40/6000:2400+30"]

1. e4 c5 2. Nf3 d6 3. d4 cxd4 4. Nxd4 Nf6 5. Nc3 Nc6 6. Bg5 e6 7. Qd2 Be7 8. O-O-O a6 9. f4 Bd7 10. Nf3 b5 11. Bxf6 gxf6 12. f5 Qb6 13. Kb1 O-O-O 14. g3 Kb8 15. fxe6 fxe6 16. Bh3 Na5 17. Nd4 b4 18. Nce2 e5 19. Bxd7 Rxd7 20. Nf5 Nc4 21. Qd3 Rc8 22. Nc1 a5 23. Nb3 a4 24. Nd2 Na3+ 25. bxa3 bxa3+ 26. Nb3 axb3 27. axb3 Bf8 28. c4 Rb7 29. Ka2 Rxc4 30. Rd2 Rxe4 31. Rc1 Rb4 32. Rc3 e4 33. Qd5 Qb5 34. Nxd6 Qxd5 35. Rxd5 Rc7 36. Nxe4 Rxe4 37. Rd8+ Kb7 38. Rxc7+ Kxc7 39. Rxf8 Re2+ 40. Kxa3 Rxh2 41. Rxf6 Rh5 42. Rf7+ Kb6 43. Rg7 Kb5 44. g4 Rh4 45. Rg5+ Kb6 46. Rg7 Kb5 47. Rg5+ Kb6 1/2-1/2

[Event "Fagernes GM Open Autumn 2024"]
[Site "Fagernes"]
[Date "2024.10.12"]
[Round "8.28"]
[White "Juodziukynas, Aidas"]
[Black "Bjorkan, Olav"]
[Result "0-1"]
[ECO "E04"]
[WhiteElo "1917"]
[BlackElo "2022"]
[Annotator "RC"]
[PlyCount "66"]
[EventDate "2024.10.03"]
[EventType "swiss"]
[EventCountry "NOR"]
[SourceTitle "playchess.com"]
[Source "ChessBase"]
[SourceQuality "1"]
[TimeControl "40/6000:2400+30"]

1. d4 Nf6 2. Nf3 e6 3. c4 d5 4. g3 dxc4 5. Bg2 Nc6 6. O-O Rb8 7. a4 b6 8. Na3 Bxa3 9. Rxa3 O-O 10. Rc3 Ba6 11. Bg5 h6 12. Bxf6 Qxf6 13. b3 Rbd8 14. e3 e5 15. d5 e4 16. Nd4 Nxd4 17. Qxd4 Qxd4 18. exd4 cxb3 19. Rd1 Bd3 20. Rdxd3 exd3 21. Rxd3 Rfe8 22. Kf1 Re7 23. Rxb3 Rde8 24. Bf3 Re1+ 25. Kg2 Ra1 26. Rc3 Re7 27. Rc4 g6 28. h4 h5 29. Kh2 Kg7 30. Kg2 Rd7 31. Kh2 a6 32. Kg2 Rb1 33. Kh2 a5 0-1

[Event "Fagernes GM Open Autumn 2024"]
[Site "Fagernes"]
[Date "2024.10.12"]
[Round "8.29"]
[White "Rustan, Elias Buschmann"]
[Black "Hetland, Even"]
[Result "0-1"]
[ECO "B99"]
[WhiteElo "1941"]
[BlackElo "1970"]
[Annotator "RC"]
[PlyCount "84"]
[EventDate "2024.10.03"]
[EventType "swiss"]
[EventCountry "NOR"]
[SourceTitle "playchess.com"]
[Source "ChessBase"]
[SourceQuality "1"]
[TimeControl "40/6000:2400+30"]

1. e4 c5 2. Nf3 d6 3. d4 cxd4 4. Nxd4 Nf6 5. Nc3 a6 6. Bg5 e6 7. f4 Be7 8. Qf3 Qc7 9. O-O-O Nbd7 10. g4 b5 11. Bxf6 Nxf6 12. g5 Nd7 13. f5 O-O 14. Rg1 b4 15. Nce2 e5 16. f6 exd4 17. fxe7 Re8 18. Nxd4 Ne5 19. Qf4 Qc5 20. h4 Rxe7 21. h5 a5 22. Rg3 a4 23. h6 Be6 24. hxg7 Rc7 25. g6 Nxg6 26. Rxg6 hxg6 27. Qh6 Qh5 28. Qf4 b3 29. a3 bxc2 30. Rd2 Qe5 31. Qh4 Qxg7 32. Bb5 Bb3 33. Nc6 Qh8 34. Qe1 Qh6 35. e5 dxe5 36. Qe4 Rxc6 37. Bxc6 Rd8 38. Bd7 Qg5 39. Qh1 Qxd2+ 40. Kxd2 Rxd7+ 41. Kc3 c1=Q+ 42. Qxc1 Rc7+ 0-1

[Event "Fagernes GM Open Autumn 2024"]
[Site "Fagernes"]
[Date "2024.10.13"]
[Round "9.1"]
[White "Kvaloy, Aksel Bu"]
[Black "Willow, Jonah B"]
[Result "1/2-1/2"]
[ECO "D79"]
[WhiteElo "2484"]
[BlackElo "2420"]
[Annotator "TA"]
[PlyCount "71"]
[EventDate "2024.10.03"]
[EventType "swiss"]
[EventCountry "NOR"]
[SourceTitle "playchess.com"]
[Source "ChessBase"]
[SourceQuality "1"]
[TimeControl "40/6000:2400+30"]

1. d4 Nf6 2. c4 g6 3. Nf3 Bg7 4. g3 c6 5. Bg2 d5 6. cxd5 cxd5 7. O-O O-O 8. Nc3 Nc6 9. Ne5 Bf5 10. Bf4 Rc8 11. Nxc6 Rxc6 12. Be5 Ne4 13. Nxe4 Bxe4 14. Bxg7 Kxg7 15. Bxe4 dxe4 16. d5 Rb6 17. Qd4+ Kg8 18. Rfd1 Qd6 19. b3 f5 $1 20. Rac1 Rd8 21. Rc5 Kf7 22. Qc4 h5 23. e3 ({White should try} 23. Kg2 $14) 23... h4 $11 24. b4 h3 25. Rd4 Kg7 26. Kf1 (26. a4 $5) 26... Ra6 {[%emt 0:04:39] The position is equal.} 27. Qb3 Rb6 28. Qc3 Qf6 29. Rc7 Kh6 30. Qc4 Rbd6 31. Rxb7 Rxd5 $1 32. Rxd5 Qa1+ 33. Ke2 Qb2+ 34. Ke1 Qb1+ 35. Ke2 Qb2+ 36. Ke1 {[%emt 0:00:00] An even fight not without its subleties.   Weighted Error Value: White=0.08 (flawless) /Black=0.06 (flawless) .  Mistake:       	White=1     	---        Inaccurate:     	White=1     	Black=2      OK:         	White=7     	Black=8      Best:        	White=1     	Black=4      Strong:       	---       	Black=2} 1/2-1/2